 Seeded DCSS version 0.30-a0-715-gdb4ae3ece1 (webtiles) character file.

Game seed: 5430720872467839093 (custom seed)

133 OTABOTABOTAB the Caller (level 5, -8/32 HPs)
             Began as an Octopode Summoner on Jan 24, 2023.
             Killed by divine providence
             ... invoked by an orc priest
              (13 damage)
             ... on level 3 of the Dungeon.
             The game lasted 00:06:11 (2678 turns).

OTABOTABOTAB the Caller (Octopode Summoner)         Turns: 2678, Time: 00:06:12

Health: -8/32      AC:  1    Str: 14    XL:     5   Next: 16%
Magic:  1/10       EV: 13    Int: 19    God:
Gold:   2649       SH:  0    Dex: 12    Spells: 1/10 levels left

rFire   . . .      SeeInvis .    e - +0 short sword
rCold   + . .      Faith    .    (no shield)
rNeg    . . .      Spirit   .    (helmet restricted)
rPois   .          Reflect  .    (no amulet)
rElec   .          Harm     .    b - +6 ring of strength
rCorr   .          Rampage  .    C - ring of protection from cold {rC+, !d}
Will    .....                    (no ring)
Stlth   +++                      (no ring)
HPRegen 0.25/turn                (no ring)
MPRegen 0.12/turn                (no ring)
                                 (no ring)
                                 (no ring)

@: no status effects
A: almost no armour, amphibious, 8 rings, camouflage 1, gelatinous body 1,
(nimble swimmer 1), tentacles
a: no special abilities


You were on level 3 of the Dungeon.
You visited 1 branch of the dungeon, and saw 3 of its levels.

You collected 2705 gold pieces.
You spent 56 gold pieces at shops.

Inventory:

Hand Weapons
 e - a +0 short sword (weapon)
   (You took it off a kobold on level 1 of the Dungeon)
Missiles
 s - 18 stones
Jewellery
 b - a +6 ring of strength (left tentacle)
   (You found it on level 1 of the Dungeon)
 C - a ring of protection from cold (right tentacle) {rC+, !d}
   (You found it on level 2 of the Dungeon)
Scrolls
 a - a scroll of fog {unknown}
 c - a scroll of enchant armour {unknown}
 d - a scroll of brand weapon {unknown}
 g - a scroll of immolation {unknown}
 h - a scroll of torment {unknown}
 i - 2 scrolls of amnesia
 k - a scroll of teleportation {unknown}
 o - a scroll of noise {unknown}
Potions
 m - a potion of attraction {!q}
 J - 2 potions of curing {@q1}
 U - a potion of mutation {!q}


   Skills:
 + Level 0.5 Fighting
 + Level 2.2 Dodging
 - Level 2.6 Stealth
 + Level 3.4 Spellcasting
 + Level 0.5 Hexes
 + Level 5.1 Summonings


You had one spell level left.
You knew the following spells:

 Your Spells              Type           Power      Damage    Failure   Level
a - Summon Small Mammal   Summ           88%        N/A       1%          1
b - Call Canine Familiar  Summ           22%        N/A       5%          3
c - Call Imp              Summ           22%        N/A       2%          2
d - Summon Guardian Gole  Hex/Summ       14%        N/A       14%         3

Your spell library contained the following spells:

 Spells                   Type           Power      Damage    Failure   Level
 Summon Lightning Spire   Summ/Air       13%        N/A       45%         4
 Summon Mana Viper        Hex/Summ       14%        N/A       77%         5
 Summon Forest            Summ/Tloc      6%         N/A       80%         5
 Summon Cactus Giant      Summ           11%        N/A       95%         6


Dungeon Overview and Level Annotations

Branches:
Dungeon (3/15)

Altars:

Shops:
D:2 ?


Innate Abilities, Weirdness & Mutations

You cannot wear most types of armour.
You are amphibious.
You can wear up to eight rings at the same time.
Your skin changes colour to match your surroundings (Stealth+).
Your rubbery body absorbs attacks. (AC +1, EV +1)
((You are camouflaged when in or above water. (Stealth+)))
You have tentacles for arms and can constrict up to eight enemies at once.


Message History

You climb upwards.
There is a stone staircase leading down here.
There is a stone staircase leading up here.
There is a stone staircase leading down here.
You climb downwards.
The orc wizard shouts!
The orc priest shouts!
You hear a shout!
There is a stone staircase leading up here.
Okay, then.
A guardian golem appears, shielding your allies.
The orc shouts! x2
The orc wizard points at you and mumbles some strange words.
The magic dart hits you!
You take 8 damage, and have 24/32 hp.
MASSIVE DAMAGE!!
You now have 7/10 mp.
You now have 4/10 mp.
A metallic apparition takes form in the air.
You now have 2/10 mp.
Your hound bites the orc.
The orc priest hits your hound with a +0 club.
The orc wizard closely misses your iron imp.
A ball python comes into view.
Your hound bites the orc priest.
You now have 1/10 mp.
Your iron imp hits the orc!
The orc dies!
Your hound bites the orc priest but does no damage.
The orc wizard closely misses your iron imp.
You now have 0/10 mp.
Found an escape hatch in the floor.
Your hound barely misses the orc priest.
Your bat hits the orc wizard but does no damage.
The orc hits your iron imp but does no damage.
The orc wizard hits your iron imp with a +0 dagger.
Your iron imp hits the orc wizard!
Your hound bites the orc priest but does no damage.
Your bat hits the orc wizard but does no damage.
Your rat bites the orc but does no damage.
The orc barely misses your iron imp.
Your hound barely misses the orc priest.
The orc priest hits your iron imp but does no damage.
The orc wizard casts a spell.
The orc wizard flickers and vanishes!
Deactivating autopickup; reactivate with Ctrl-A.
Your iron imp hits the orc priest.
What are your orders? t - Shout!
Orders for allies: a - Attack new target. r - Retreat! s - Stop attacking. g - Guard the area. f - Follow me.
Anything else - Cancel.
Gang up on whom?
Aim: an orc priest, wielding a +0 club and wearing a +1 ring mail of poison resistance (lightly wounded, ally target) Attack!
Your hound closely misses the orc priest.
Your bat hits the orc priest but does no damage.
The hobgoblin closely misses your hound.
The orc hits your iron imp but does no damage.
The orc priest calls down the wrath of Beogh upon you.
Beogh smites you! Something barely misses your iron imp.
Your hound bites the orc priest but does no damage.
Your rat bites the orc.
Your bat hits the orc priest but does no damage.
Your iron imp hits the orc priest but does no damage.
The ball python closely misses your hound. x2
You take 11 damage, and have 15/32 hp.
MASSIVE DAMAGE!!
The orc barely misses your iron imp.
The hobgoblin completely misses your hound.
Your hound bites the orc priest but does no damage.
The hobgoblin hits your hound.
The orc priest hits your iron imp with a +0 club.
The orc hits your guardian golem with a +0 club.
Something hits your iron imp but does no damage.
Your rat barely misses the orc.
Your bat barely misses something.
Your bat hits the orc priest but does no damage.
Your hound bites the orc priest but does no damage.
Your bat barely misses something.
Your iron imp misses the orc priest.
The hobgoblin barely misses your hound. The orc barely misses your iron imp.
The orc priest looks braver for a moment.
The orc barely misses your guardian golem.
Something hits your bat.
Your rat bites the orc.
Your hound bites the orc priest but does no damage.
Your bat hits the orc priest but does no damage.
Your bat barely misses the ball python.
The hobgoblin barely misses your hound. The hobgoblin misses your hound.
Your hound bites the orc priest.
The orc priest calls down the wrath of Beogh upon you.
Beogh smites you!
* * * LOW HITPOINT WARNING * * *
Something hits your iron imp.
Your iron imp hits the orc priest!
Your rat barely misses the orc.
You take 10 damage, and have 5/32 hp.
MASSIVE DAMAGE!!
Your hound barely misses the orc priest.
Your bat hits something but does no damage.
Something hits your bat.
The hobgoblin hits your bat but does no damage.
The orc priest mumbles some strange prayers to Beogh against you.
Beogh smites you!
You die...

#....!.....#
#.<........#
#......gh..#
.......b{oo.##
###.......5o..#####
##......9r.......
#.....S###.####
####....# ####@#
#.># ##.# .# .. ...
..# #..


You could see an orc priest (ally target), a hobgoblin, a ball python, a
friendly guardian golem (summoned), a friendly hound (summoned, sheltered), a
friendly iron imp (summoned, sheltered) and a friendly bat (summoned,
sheltered).

Vanquished Creatures (collateral kills)
  A necrophage (D:2)
  3 gnolls (D:2)
  An adder (D:2)
  An orc (D:3)
  3 bats
  5 endoplasms
  2 hobgoblins
  4 jackals (D:1)
  5 kobolds
  2 quokkas (D:1)
  2 ball pythons (D:1)
  A frilled lizard (D:2)
  4 goblins
  A rat (D:1)
35 creatures vanquished.

Notes
Turn   | Place    | Note
-------+----------+-------------------------------------------
     0 | D:1      | OTABOTABOTAB the Octopode Summoner began the quest for the
                  | Orb.
     0 | D:1      | Reached XP level 1. HP: 11/11 MP: 3/3
   303 | D:1      | Reached XP level 2. HP: 17/17 MP: 0/5
   306 | D:1      | Learned a level 2 spell: Call Imp
  1302 | D:1      | Reached XP level 3. HP: 21/21 MP: 1/6
  1350 | D:1      | Learned a level 3 spell: Call Canine Familiar
  1704 | D:2      | Found Doddoiw's Magic Scroll Shoppe.
  1712 | D:2      | Bought a scroll of identify for 28 gold pieces
  1712 | D:2      | Bought a scroll of identify for 28 gold pieces
  1811 | D:2      | Noticed a necrophage
  1824 | D:2      | Killed a necrophage
  1825 | D:2      | Reached skill level 3 in Spellcasting
  1825 | D:2      | Reached skill level 5 in Summonings
  1825 | D:2      | Reached XP level 4. HP: 27/27 MP: 3/9
  1829 | D:2      | Learned a level 3 spell: Summon Guardian Golem
  2084 | D:2      | Reached XP level 5. HP: 31/31 MP: 2/10
  2567 | D:2      | Identified 4 scrolls of acquirement
  2567 | D:2      | Acquired 1064 gold pieces
  2569 | D:2      | Acquired a book of the Wilderness
  2571 | D:2      | Acquired 892 gold pieces
  2573 | D:2      | Acquired 680 gold pieces
  2677 | D:3      | HP: 5/32 [orc priest/divine providence (11)]
  2678 | D:3      | Killed from afar by an orc priest

Illustrated notes

Levels and vault maps discovered:
D:1:      dpeg_arrival_boxes_within_box, layout_basic
D:2:      layout_loops_ring, serial_shops, shop, nicolae_kite_square_tiling_tiny
D:3:      layout_rooms, okawaru_metal_pillars_3, ebering_ecumenical_altar_rust

Skill      XL: |  1  2  3 |
---------------+----------+-----
Spellcasting   | 3 |  3.4
Summonings     | 5 |  5.1
Fighting       | |  0.5
Dodging        | |  2.2
Stealth        | |  2.6
Hexes          | |  0.5

Action                     |  1- 3 |  4- 6 || total
---------------------------+-------+-------++-------
  Melee: Short sword       |       |     1 ||     1
         Constrict         |       |     1 ||     1
  Throw: Stone             |       |     1 ||     1
   Cast: Summon Small Mamm |    34 |    12 ||    46
         Call Imp          |    17 |     7 ||    24
         Call Canine Famil |     3 |     7 ||    10
         Summon Guardian G |       |     1 ||     1
    Use: Scroll            |     1 |     7 ||     8
         Potion            |     1 |       ||     1
 Armour: Skin              |     3 |       ||     3
  Dodge: Dodged            |    18 |     2 ||    20

Table legend: (Time is in decaauts)
 A = Elapsed time spent in this place.
 B = Non-inter-level travel time spent in this place.
 C = Inter-level travel time spent in this place.
 D = Time resting spent in this place.
 E = Time spent auto-exploring this place.
 F = Levels seen in this place.
 G = Mean time per level.
                   A        B        C        D        E       F      G
               +--------+--------+--------+--------+--------+-----+--------+
         Total |   2678 |   2569 |    109 |     78 |   2012 |   3 |  892.7 |
       Dungeon |   2678 |   2569 |    109 |     78 |   2012 |   3 |  892.7 |
               +--------+--------+--------+--------+--------+-----+--------+

Top non-repeatable levels by time:
     D:1: 1503 daAuts
     D:2: 1160 daAuts
     D:3: 14 daAuts

Table legend:
 A = Kills in this place as a percentage of kills in entire the game.
 B = Kills by you in this place as a percentage of kills by you in the entire game.
 C = Kills by friends in this place as a percentage of kills by friends in the entire game.
 D = Other kills in this place as a percentage of other kills in the entire game.
 E = Experience gained in this place as a percentage of experience gained in the entire game.
 F = Experience gained in this place divided by the number of levels of this place that you have seen.
                   A       B       C       D       E      F
               +-------+-------+-------+-------+-------+----------------------
         Total | 100.0 |   N/A | 100.0 |   N/A | 100.0 |  63.3
       Dungeon | 100.0 |   N/A | 100.0 |   N/A | 100.0 |  63.3
               +-------+-------+-------+-------+-------+----------------------
